 Dungeon Crawl Stone Soup version 0.29-a0-91-gdebf466 (webtiles) character file.

Game seed: 17803376697788513787

70 Dorkslayer the Shield-Bearer (level 4, -2/42 HPs)
             Began as a Deep Dwarf Fighter on Feb 7, 2022.
             Slain by Terence (11 damage)
             ... on level 2 of the Dungeon.
             The game lasted 00:02:18 (922 turns).

Dorkslayer the Shield-Bearer (Deep Dwarf Fighter)    Turns: 922, Time: 00:02:18

Health: -2/42      AC:  8    Str: 21    XL:     4   Next: 4%
Magic:  5/5        EV:  9    Int:  9    God:
Gold:   78         SH:  4    Dex: 12    Spells: 5/5 levels left

rFire   . . .      SeeInvis .   a - +0 long sword
rCold   . . .      Faith    .   c - +0 buckler
rNeg    . . .      Spirit   .   b - +0 scale mail
rPois   .          Reflect  .   e - +0 helmet
rElec   .          Harm     .   (no cloak)
rCorr   .          Rampage  .   (no gloves)
Will    .....                   (no boots)
Stlth   ..........              (no amulet)
HPRegen 0.00/turn               (no ring)
MPRegen 0.09/turn               (no ring)

@: no status effects
A: damage resistance, heal wounds, sense surroundings 1, no regeneration
a: Heal Wounds


You were on level 2 of the Dungeon.
You visited 1 branch of the dungeon, and saw 2 of its levels.

You collected 78 gold pieces.

Inventory:

Hand Weapons
 a - a +0 long sword (weapon)
Armour
 b - a +0 scale mail (worn)
 c - a +0 buckler (worn)
 e - a +0 helmet (worn)
Scrolls
 g - a scroll of teleportation {unknown}
 h - a scroll of noise {unknown}
 i - 3 scrolls of magic mapping {unknown}
 j - a scroll of enchant weapon {unknown}
 k - a scroll of fog {unknown}
Potions
 d - a potion of might
 f - a potion of haste {unknown}
 l - 2 potions of lignification {unknown}


   Skills:
 + Level 3.2 Fighting
 + Level 2.8 Long Blades
 + Level 3.6 Armour
 + Level 0.2 Dodging
 + Level 3.6 Shields
 * Level 1.0 Spellcasting


You had 5 spell levels left.
You didn't know any spells.
Your spell library was empty.

Dungeon Overview and Level Annotations

Branches:
Dungeon (2/15)

Altars:

Annotations:
D:2 Terence


Innate Abilities, Weirdness & Mutations

You are resistant to damage.
You can heal yourself by infusing magical energy.
You passively map a small area around you.
You do not regenerate.


Message History

The ball python constricts you.
You barely miss the ball python.
The ball python bites you but does no damage.
The ball python constricts you. The ball python completely misses you.
The ball python constricts you.
You hit the ball python.
The ball python is severely wounded.
The ball python closely misses you. The ball python constricts you.
The ball python bites you. The ball python constricts you.
You closely miss the ball python.
The ball python is severely wounded.
The ball python bites you but does no damage.
The ball python constricts you.
You closely miss the ball python.
The ball python is severely wounded.
You block the ball python's attack. The ball python constricts you.
The ball python bites you but does no damage.
The ball python constricts you.
You closely miss the ball python.
The ball python is severely wounded.
The ball python bites you. The ball python constricts you.
You barely miss the ball python.
The ball python is severely wounded.
The ball python barely misses you. The ball python constricts you.
The ball python bites you but does no damage.
The ball python constricts you.
You slash the ball python!
You kill the ball python!
You closely miss the goblin.
The goblin unwields a +6 hunting sling.
The goblin wields a +0 club.
You block the goblin's attack.
You slash the goblin!
You kill the goblin!
Something hits you!
You hit something but do no damage. Something hits you!
You barely miss something. Something hits you.
You hit something but do no damage. Something hits you!
You closely miss something. Something hits you.
* * * LOW HITPOINT WARNING * * *
Something hits you!
You die...

^ #S### ##* , , ..#.
#####...####... ,
,....,,............... *
, ..#. * * #........ ,
##
##..,.#########.#######
#. #.. #..........# #.
#.# #.#####....#
###.###.# ##.#####..#.#
........###..#..@).##..#
................######.#
........###.##.## .#
....(...##..##.# .#
###...##...###.# .#
###......### #.#
.....<########.# * *
##....).)†.....##
...<...###......# *


There were no monsters in sight!

Vanquished Creatures
  A gnoll (D:1)
  2 adders (D:2)
  A dart slug (D:1)
  5 ball pythons
  A giant cockroach (D:1)
  7 goblins
  4 hobgoblins
  6 jackals (D:1)
  A kobold (D:1)
  2 quokkas (D:1)
  3 bats
  4 frilled lizards (D:1)
  A rat (D:1)
38 creatures vanquished.

Notes
Turn   | Place    | Note
-------+----------+-------------------------------------------
     0 | D:1      | Dorkslayer the Deep Dwarf Fighter began the quest for the
                  | Orb.
     0 | D:1      | Reached XP level 1. HP: 20/20 MP: 1/1
   199 | D:1      | Found a faded altar of an unknown god.
   205 | D:1      | Reached XP level 2. HP: 28/28 MP: 2/2
   617 | D:1      | Reached XP level 3. HP: 27/34 MP: 2/4
   890 | D:2      | Noticed Terence
   908 | D:2      | Reached skill level 1 in Spellcasting
   908 | D:2      | Reached XP level 4. HP: 33/42 MP: 5/5
   922 | D:2      | Slain by Terence

Illustrated notes

Levels and vault maps discovered:
D:1:      tarquinn_simple_flora_water_b, layout_basic,
          hellmonk_ecumenical_altar_pennies_from_heaven, hex_intersection,
          minmay_misc_feat_x
D:2:      layout_rooms, basic_altar, uniq_terence

Skill      XL: |  1  2  3 |
---------------+----------+-----
Fighting       | 3 |  3.2
Spellcasting   | 1 |  1.0
Long Blades    | |  2.8
Armour         | |  3.6
Dodging        | |  0.2
Shields        | |  3.6

Action                   |  1- 3 |  4- 6 || total
-------------------------+-------+-------++-------
Melee: Long sword        |   124 |    15 ||   139
Armor: Scale mail        |    53 |     6 ||    59
Dodge: Dodged            |    68 |     3 ||    71
Block: Buckler           |    25 |     2 ||    27

Table legend: (Time is in decaauts)
 A = Elapsed time spent in this place.
 B = Non-inter-level travel time spent in this place.
 C = Inter-level travel time spent in this place.
 D = Time resting spent in this place.
 E = Time spent auto-exploring this place.
 F = Levels seen in this place.
 G = Mean time per level.
                   A        B        C        D        E       F      G
               +--------+--------+--------+--------+--------+-----+--------+
         Total |    969 |    969 |      0 |      0 |    373 |   2 |  484.5 |
       Dungeon |    969 |    969 |      0 |      0 |    373 |   2 |  484.5 |
               +--------+--------+--------+--------+--------+-----+--------+

Top non-repeatable levels by time:
     D:1: 843 daAuts
     D:2: 126 daAuts
